 Dungeon Crawl Stone Soup version 0.29.1-1-gd02db6906a (webtiles) character file.

Game seed: 9574089552361143583

65 RogueRain17 the Slasher (level 3, 0/27 HPs)
             Began as a Demonspawn Gladiator on Sept 18, 2022.
             Succumbed to a goblin's poison
             ... on level 3 of the Dungeon.
             The game lasted 00:03:26 (1669 turns).

RogueRain17 the Slasher (Demonspawn Gladiator)      Turns: 1669, Time: 00:03:27

Health: 0/27       AC:  4    Str: 14    XL:     3   Next: 92%
Magic:  2/2        EV: 12    Int:  9    God:
Gold:   119        SH:  5    Dex: 16    Spells: 2/2 levels left

rFire   . . .      SeeInvis .   a - +0 long sword
rCold   . . .      Faith    .   (no shield)
rNeg    . . .      Spirit   .   b - +0 leather armour
rPois   .          Reflect  +   c - +0 helmet
rElec   .          Harm     .   (no cloak)
rCorr   .          Rampage  .   (no gloves)
Will    .....                   (no boots)
Stlth   +.........              o - amulet of reflection
HPRegen 0.09/turn               (no ring)
MPRegen 0.08/turn               (no ring)

@: mighty, lethally poisoned (0 -> -4), flying
A: demonic touch 1, talons 1, low MP 1, no potion heal 1
a: no special abilities


You were on level 3 of the Dungeon.
You visited 1 branch of the dungeon, and saw 3 of its levels.

You collected 119 gold pieces.

Inventory:

Hand Weapons
 a - a +0 long sword (weapon)
Missiles
 d - 3 throwing nets (quivered)
 e - a javelin
Armour
 b - a +0 leather armour (worn)
 c - a +0 helmet (worn)
Jewellery
 o - an amulet of reflection (around neck)
Scrolls
 g - a scroll of fear {unknown}
 i - a scroll of vulnerability {unknown}
 j - 2 scrolls of enchant weapon {unknown}
 k - 3 scrolls of noise {unknown}
 l - a scroll of teleportation {unknown}
 m - a scroll of butterflies {unknown}
 r - a scroll of amnesia {unknown}
 s - a scroll of identify {unknown}
Potions
 n - a potion of cancellation {unknown}
 p - a potion of mutation
 q - a potion of heal wounds {unknown}
 t - 2 potions of curing {unknown}


   Skills:
 - Level 2.0 Fighting
 * Level 4.1 Long Blades
 - Level 1.7 Throwing
 + Level 0.2 Armour
 + Level 3.0 Dodging


You had 2 spell levels left.
You didn't know any spells.
Your spell library was empty.

Dungeon Overview and Level Annotations

Branches:
Dungeon (3/15)

Altars:

Annotations:
D:3 Robin


Innate Abilities, Weirdness & Mutations

Your touch may inflict minor irresistible damage on your foes.
You have sharp toenails.
Your magical capacity is low. (-10% MP)
Potions are less effective at restoring your health.


Message History

You hit the goblin.
You kill the goblin!
The goblin barely misses you.
You slash the goblin!
You kill the goblin!
The goblin shoots a sling bullet.
The sling bullet barely misses you.
The goblin unwields a +0 club.
The goblin wields a +0 sling.
The goblin shoots a sling bullet.
The sling bullet barely misses you.
The goblin shoots a sling bullet.
The sling bullet hits you. The sling bullet freezes you.
Robin throws the goblin at you!
The goblin hits you with a +0 dagger of venom.
You are poisoned.
The goblin unwields a +1 sling of freezing.
The goblin wields a +0 club.
The goblin hits you but does no damage.
The goblin unwields a +0 sling.
The goblin wields a +0 club.
The goblin hits you with a +0 club.
Items here: ))) †.
You closely miss the goblin.
You touch the goblin.
You kill the goblin!
You feel very sick.
Robin hits you from afar with a +0 spear.
You block the goblin's attack.
It was a potion of mutation.
You feel extremely strange.
You feel less energetic.
Your system partially rejects the healing effects of potions.
Your toenails lengthen and sharpen.
You feel sick. Robin hits you but does no damage.
The goblin closely misses you. x2
It was a potion of flight.
You feel very buoyant.
You fly up into the air.
You feel sick.
Robin hits you from afar with a +0 spear.
* * * LOW HITPOINT WARNING * * *
The goblin hits you with a +0 club.
* * * LOW HITPOINT WARNING * * *
The goblin hits you but does no damage.
It was a potion of might.
You feel very mighty all of a sudden.
You die...

##### ..... ..
...... #.#
...... #.#
......# #.###
...gg ....
#Kg###.#
#g@)..###
####)...#
##.#...#... #.#
..#..
####.###....
#.....##...
#.....##...
#.....##..# #+#
###+#####'###.)#
#.#


You could see Robin, a hobgoblin (strong), 2 goblins and a kobold.

Vanquished Creatures
  A dart slug (D:2)
  3 orcs (D:2)
  4 bats
  5 endoplasms
  A giant cockroach (D:1)
  5 hobgoblins
  4 jackals (D:1)
  5 quokkas
  3 ball pythons
  3 frilled lizards
  10 goblins
  4 kobolds
  6 rats
54 creatures vanquished.

Vanquished Creatures (others)
  A plant (D:3)
1 creature vanquished.

Grand Total: 55 creatures vanquished

Notes
Turn   | Place    | Note
-------+----------+-------------------------------------------
     0 | D:1      | RogueRain17 the Demonspawn Gladiator began the quest for
                  | the Orb.
     0 | D:1      | Reached XP level 1. HP: 16/16 MP: 1/1
    23 | D:1      | Reached skill level 3 in Long Blades
    94 | D:1      | Gained mutation: Your touch may inflict minor irresistible
                  | damage on your foes. [demonic ancestry]
    94 | D:1      | Reached XP level 2. HP: 22/22 MP: 2/2
   840 | D:2      | Reached XP level 3. HP: 27/27 MP: 3/3
  1181 | D:2      | Reached skill level 4 in Long Blades
  1347 | D:2      | Found a faded altar of an unknown god.
  1656 | D:3      | Noticed Robin
  1667 | D:3      | Gained mutation: Your magical capacity is low. (-10% MP)
                  | [potion of mutation]
  1667 | D:3      | Gained mutation: Potions are less effective at restoring
                  | your health. [potion of mutation]
  1667 | D:3      | Gained mutation: You have sharp toenails. [potion of
                  | mutation]
  1668 | D:3      | HP: 1/27 [goblin/+0 club[Robin] (5)]
  1669 | D:3      | Succumbed to a goblin's poison

Illustrated notes

Levels and vault maps discovered:
D:1:      saegor_arrival_simple_a, layout_loops_ring
D:2:      layout_rooms, shapermc_ecumenical_altar_ellora, st_stairs_10
D:3:      layout_basic, mainiacjoe_overflow_brackets, serial_shops,
          nicolae_shop_stone, shop, shop_statue, shop,
          nicolae_shop_overgrown_old_shop, uniq_robin

Skill      XL: |  1  2  3 |
---------------+----------+-----
Long Blades    | 3 4 |  4.1
Dodging        | 3 |  3.0
Fighting       | |  2.0
Throwing       | |  1.7
Armour         | |  0.2

Action                   || total
-------------------------++-------
Melee: Long sword        ||   118
       Touch             ||    12
  Use: Potion            ||     3
 Stab: Distracted        ||     1
Armor: Leather armour    ||    32
Dodge: Dodged            ||    87
Block: Other             ||     7
